 Dungeon Crawl Stone Soup version 0.22.1-1-ga44c0e5 (webtiles) character file.

43210 Monsterracer the Basher (level 13, -9/113 HPs)
             Began as a Demigod Skald on Oct 25, 2018.
             Killed from afar by Urug (16 damage)
             ... with a wand of acid (2)
             ... on level 9 of the Dungeon.
             The game lasted 01:34:54 (31486 turns).

Monsterracer the Basher (Demigod Skald)            Turns: 31486, Time: 01:34:55

Health: -9/113     AC: 10    Str: 16    XL:     13   Next: 52%
Magic:  11/21      EV: 17    Int: 26    God:
Gold:   1026       SH:  0    Dex: 20    Spells: 5/18 levels left

rFire    . . .     SeeInvis .   a - +4 dire flail
rCold    . . .     Gourm    .   (shield currently unavailable)
rNeg     + . .     Faith    .   m - +0 ring mail
rPois    +         Spirit   .   k - +1 helmet
rElec    .         Reflect  .   D - +1 cloak {rPois}
rCorr    .         Harm     .   l - +1 pair of gloves
MR       ++...                  F - +0 pair of boots "Waidoacha" {rC- rN+ Int+3 Dex+5}
Stlth    +.........             (no amulet)
HPRegen  0.28/turn              g - ring of protection from magic {!d}
MPRegen  0.17/turn              K - ring of protection from cold {!d}

@: singing, corroded
A: high mp 1
a: no special abilities


You were on level 9 of the Dungeon.
You were not hungry.

You visited 3 branches of the dungeon, and saw 18 of its levels.

You collected 1026 gold pieces.

Inventory:

Hand Weapons
 a - a +4 dire flail (weapon)
Missiles
 b - 2 throwing nets (quivered)
Armour
 k - a +1 helmet (worn)
 l - a +1 pair of gloves (worn)
 m - a +0 ring mail (worn)
 D - a +1 cloak of poison resistance (worn)
 F - the +0 pair of boots "Waidoacha" (worn) {rC- rN+ Int+3 Dex+5}
   (You found it on level 11 of the Dungeon)

   It affects your intelligence (+3).
   It affects your dexterity (+5).
   It makes you vulnerable to cold.
   It protects you from negative energy.
Jewellery
 g - a ring of protection from magic (left hand) {!d}
 n - an uncursed ring of resist corrosion
 y - an uncursed ring of stealth
 B - an uncursed ring of protection from fire {!d}
 G - an uncursed ring of protection from fire {!d}
 K - a ring of protection from cold (right hand) {!d}
Wands
 h - a wand of random effects (39)
 j - a wand of enslavement (15)
 v - a wand of digging (21)
 E - a wand of iceblast (15)
Scrolls
 d - 6 scrolls of remove curse
 t - 2 scrolls of amnesia
 w - 2 scrolls of enchant weapon
 x - 3 scrolls of magic mapping {!r}
 z - a scroll of teleportation {!r}
 H - a scroll of blinking
Potions
 e - 6 potions of flight
 f - 6 potions of brilliance
 i - 3 potions of might
 q - 7 potions of curing
 r - 2 potions of mutation {!q}
 u - a potion of ambrosia {!q}
 A - 2 potions of magic
 I - a potion of resistance
 J - a potion of cancellation
Miscellaneous
 o - a sack of spiders
 p - a lamp of fire
 s - a phantom mirror
 C - a phial of floods
Comestibles
 c - 20 rations


   Skills:
 + Level 10.0 Fighting
 * Level 13.9 Maces & Flails
 + Level 5.8 Armour
 + Level 9.0 Dodging
 + Level 3.0 Spellcasting
 - Level 6.4 Charms
 + Level 4.2 Translocations
 - Level 6.0 Evocations


You had 5 spell levels left.
You knew the following spells:

 Your Spells              Type           Power        Failure   Level  Hunger
a - Infusion              Chrm           ####         1%          1    None
b - Song of Slaying       Chrm           #####...     1%          2    ##.....
c - Shroud of Golubria    Chrm/Tloc      ####......   2%          2    ##.....
d - Spectral Weapon       Hex/Chrm       ###.....     13%         3    ###....
e - Blink                 Tloc           N/A          4%          2    ##.....
j - Regeneration          Chrm/Necr      ###.......   13%         3    ###....

Your spell library contained the following spells:

 Spells                   Type           Power        Failure   Level  Hunger
 Gell's Gravitas          Tloc           ####......   9%          3    ###....
 Confusing Touch          Hex            #.....       16%         1    None
 Magic Dart               Conj           #...         16%         1    None
 Call Imp                 Summ           #.......     24%         2    ##.....
 Slow                     Hex            #.......     24%         2    ##.....
 Confuse                  Hex            #.......     43%         3    ###....
 Conjure Flame            Conj/Fire      #.......     43%         3    ###....
 Mephitic Cloud           Conj/Pois/Air  #.......     43%         3    ###....
 Petrify                  Tmut/Erth      #.......     85%         4    ####...
 Metabolic Englaciation   Hex/Ice        #.........   99%         5    ######.
 Yara's Violent Unravell  Hex/Tmut       #.........   99%         5    ######.


Dungeon Overview and Level Annotations

Branches:
Dungeon (11/15)            Temple (0/1) D:7            Lair (6/6) D:11
 Shoals (0/4) Lair:4        Snake (0/4) Lair:4          Orc (1/2) D:9
  Slime: Lair:5-6

Annotations:
D:7 Harold
D:9 Urug


Innate Abilities, Weirdness & Mutations

You have an increased reservoir of magic. (+10% MP)


Message History

The orc barely misses you. The orc warrior closely misses you.
The orc hits you with a club. Urug misses you.
There is a staircase back to the Dungeon, spattered with blood here.
You see here 2 javelins.
You take 13 damage, and have 100/113 hp.
The orc misses you.
The orc warrior hits you but does no damage.
Urug hits you with a double sword of holy wrath!
Your shroud falls apart!
You climb upwards.
Welcome back to the Dungeon!
Your skin is crawling a little less now.
There is a staircase to the Orcish Mines here.
You take 10 damage, and have 90/113 hp.
Unknown command.
Unknown command.
Unknown command.
Unknown command.
Unknown command.
Unknown command.
Casting: Regeneration (safe; 13% risk of failure)
Confirm with . or Enter, or press ? or * to list all spells.
You blink.
You now have 15/21 mp.
Unknown command.
Unknown command.
Unknown command.
Unknown command.
The orc warrior hits you but does no damage.
You regained 2 hp, and now have 94/113 hp.
Unknown command.
Casting: Blink (safe; 4% risk of failure)
Confirm with . or Enter, or press ? or * to list all spells.
You start singing a song of slaying.
Your skin stops crawling.
You now have 14/21 mp.
Casting: Song of Slaying (safe; 1% risk of failure)
Confirm with . or Enter, or press ? or * to list all spells.
Okay, then.
Casting: Song of Slaying (safe; 1% risk of failure)
Confirm with . or Enter, or press ? or * to list all spells.
Space distorts slightly along a thin shroud covering your body.
The orc warrior hits you from afar with a halberd.
Your shroud falls apart!
You take 5 damage, and have 90/113 hp.
You now have 12/21 mp.
Unknown command.
Unknown command.
Casting: Shroud of Golubria (safe; 2% risk of failure)
Confirm with . or Enter, or press ? or * to list all spells.
Okay, then.
Casting: Shroud of Golubria (safe; 2% risk of failure)
Confirm with . or Enter, or press ? or * to list all spells.
You draw out your weapon's spirit!
You now have 9/21 mp.
Unknown command.
Unknown command.
The orc warrior closely misses you.
You hit Urug but do no damage. Urug misses you.
The orc warrior hits you from afar with a halberd.
You take 1 damage, and have 89/113 hp.
You impale Urug!!
Urug is moderately wounded.
You thump Urug!
Urug is heavily wounded.
Urug closely misses you.
The orc warrior hits you from afar with a halberd!
You take 9 damage, and have 80/113 hp.
You hit Urug but do no damage.
Urug is heavily wounded.
You hit Urug but do no damage.
Urug is heavily wounded.
Urug hits you with a double sword of holy wrath!
The orc warrior completely misses you.
You take 16 damage, and have 64/113 hp.
You hit Urug but do no damage.
Urug is heavily wounded.
Unknown command.
Unknown command.
You swap places.
Urug barely misses your spectral weapon.
Urug zaps a wand.
The bolt of acid hits your spectral weapon.
Your spectral weapon is splashed with acid.
Your spectral weapon shares its damage with you! x2
Your spectral weapon fades away.
The bolt of acid hits you!
* * * LOW HITPOINT WARNING * * *
You are splashed with acid!
The acid burns!
* * * LOW HITPOINT WARNING * * *
* * * LOW HITPOINT WARNING * * *
You take 30 damage, and have 34/113 hp.
MASSIVE DAMAGE!!
Urug zaps a wand.
The bolt of acid hits you!
* * * LOW HITPOINT WARNING * * *
The acid corrodes you!
You are splashed with acid!
The acid burns!
* * * LOW HITPOINT WARNING * * *
You take 28 damage, and have 6/113 hp.
MASSIVE DAMAGE!!
Unknown command.
There is a stone staircase leading up here.
Urug zaps a wand.
The bolt of acid hits you!
You die...

#...#### #. ##.########## ##'
#...........# #.[
#...........# #..
#...........# #..
#...........# #..
#...........####..
#...........#..'..
############@..........#.##..
#....o.oo................##..
#>##########...........####..
### ############# #.. ###


You could see Urug, an orc warrior and an orc.

Vanquished Creatures
  8 hydras
  2 two-headed ogres
  4 death yaks
  An unseen horror (D:11)
  3 black mambas
  3 merfolk sirens (Lair:4)
  An ugly thing (D:9)
  7 elephants
  Joseph (D:8)
  12 spiny frogs
  Psyche (D:7)
  5 rime drakes
  10 komodo dragons
  A merfolk (Lair:3)
  2 polar bears
  A queen bee (Lair:3)
  Prince Ribbit (D:7)
  14 blink frogs
  10 dream sheep
  6 hippogriffs
  A shadow (D:11)
  4 wyverns
  A basilisk (Lair:1)
  14 yaks
  An acid dragon (D:10)
  17 water moccasins
  A hell hound (Lair:6)
  6 porcupines
  2 hornet zombies
  6 orc warriors
  2 sky beasts (D:7)
  3 ice beasts
  A black bear (D:7)
  3 necrophages
  7 ogres
  2 wolves
  3 centaurs
  4 boggarts (Lair:4)
  9 crocodiles
  4 big kobolds
  19 bullfrogs
  2 wyvern zombies
  24 killer bees
  7 wights (D:9)
  6 electric eels (D:11)
  6 howler monkeys
  7 crimson imps
  4 bullfrog zombies
  A centaur zombie (D:5)
  A quasit (D:11)
  6 orc priests
  A gnoll shaman (D:6)
  3 hounds
  3 jellies
  A centaur skeleton (D:11)
  8 orc wizards
  3 iguanas (D:5)
  3 hell rats
  10 worker ants
  Natasha (thrice) (D:3)
  A hound zombie (D:8)
  2 hound skeletons
  A worker ant zombie (D:8)
  A howler monkey zombie (D:11)
  10 adders
  8 gnolls
  A shadow imp (D:7)
  2 adder zombies (D:8)
  A worm (D:3)
  2 dart slugs
  3 leopard geckos
  43 orcs
  4 giant cockroaches
  6 goblins
  6 hobgoblins
  14 jackals
  5 quokkas
  3 bats
  3 frilled lizards (D:2)
  17 kobolds
  A leopard gecko skeleton (D:5)
  A leopard gecko zombie (D:7)
  2 quokka zombies
  6 rats
445 creatures vanquished.

Vanquished Creatures (collateral kills)
  Maurice (D:9)
1 creature vanquished.

Vanquished Creatures (others)
  A bullfrog (D:11)
  20 fungi
  9 plants
  21 spectral weapons
51 creatures vanquished.

Grand Total: 497 creatures vanquished

Notes
Turn   | Place    | Note
-------+----------+-------------------------------------------
     0 | D:1      | Monsterracer the Demigod Skald began the quest for the Orb.
     0 | D:1      | Reached XP level 1. HP: 17/17 MP: 5/5
   296 | D:1      | Reached skill level 2 in Maces & Flails
   520 | D:1      | HP: 6/17 [goblin/club (5)]
   835 | D:1      | Reached XP level 2. HP: 24/24 MP: 4/7
   874 | D:1      | Learned a level 2 spell: Shroud of Golubria
  1009 | D:2      | Reached skill level 3 in Maces & Flails
  1142 | D:2      | Reached XP level 3. HP: 25/29 MP: 8/8
  1960 | D:3      | Reached skill level 4 in Maces & Flails
  2234 | D:3      | Reached XP level 4. HP: 36/36 MP: 6/9
  2259 | D:3      | Learned a level 3 spell: Spectral Weapon
  2345 | D:3      | Noticed Natasha
  2352 | D:3      | Killed Natasha
  2855 | D:3      | Noticed Natasha
  2862 | D:3      | Killed Natasha
  3055 | D:3      | Noticed Natasha
  3064 | D:3      | Killed Natasha
  3064 | D:3      | Reached XP level 5. HP: 42/42 MP: 3/10
  3682 | D:4      | Noticed an ice beast
  3770 | D:4      | Reached skill level 5 in Maces & Flails
  4195 | D:4      | Found an opulent altar of Gozag.
  4197 | D:4      | Found a shattered altar of Ashenzari.
  4199 | D:4      | Found a basalt altar of Yredelemnul.
  4199 | D:4      | Found a stormy altar of Qazlal.
  4318 | D:4      | Noticed an orc warrior
  4372 | D:5      | Entered Level 5 of the Dungeon
  4390 | D:5      | HP: 20/44 [hornet zombie (9)]
  4580 | D:4      | Killed an ice beast
  4580 | D:4      | Reached XP level 6. HP: 51/51 MP: 4/11
  4666 | D:4      | HP: 18/51 [orc warrior/flail (10)]
  4667 | D:4      | HP: 5/51 [orc warrior/flail (13)]
  4668 | D:4      | HP: 1/51 [orc wizard/puff of frost (4)]
  4902 | D:5      | Reached skill level 6 in Maces & Flails
  4917 | D:5      | HP: 25/51 [poisoned by a kobold]
  4924 | D:5      | HP: 24/51 [poisoned by a kobold]
  4932 | D:5      | HP: 24/51 [poisoned by a kobold]
  5107 | D:5      | Reached XP level 7. HP: 57/57 MP: 6/12
  5181 | D:5      | Learned a level 3 spell: Regeneration
  5531 | D:5      | HP: 29/58 [adder (4)]
  5539 | D:5      | HP: 26/58 [poisoned by an adder]
  5547 | D:5      | HP: 26/58 [poisoned by an adder]
  6097 | D:5      | Reached skill level 7 in Maces & Flails
  6108 | D:6      | Reached XP level 8. HP: 64/67 MP: 1/13
  6112 | D:6      | HP: 23/67 [ogre/giant club (16)]
  6643 | D:5      | Reached skill level 5 in Charms
  6723 | D:6      | HP: 33/67 [poisoned by a worker ant]
  6728 | D:6      | HP: 30/67 [poisoned by a worker ant]
  6733 | D:6      | HP: 28/67 [poisoned by a worker ant]
  6738 | D:6      | HP: 27/67 [poisoned by a worker ant]
  6745 | D:6      | HP: 26/67 [poisoned by a worker ant]
  6753 | D:6      | HP: 26/67 [poisoned by a worker ant]
  6979 | D:5      | Found a shimmering altar of Xom.
  7311 | D:5      | HP: 31/67 [ogre/giant spiked club (27)]
  7312 | D:5      | Reached skill level 5 in Fighting
  7565 | D:6      | Reached skill level 8 in Maces & Flails
  8167 | D:6      | Found a shattered altar of Ashenzari.
  8299 | D:6      | HP: 31/68 [orc warrior/glaive (15)]
  8307 | D:6      | HP: 29/68 [orc warrior/glaive (3)]
  8554 | D:7      | HP: 34/68 [poisoned by a water moccasin]
  8559 | D:7      | HP: 26/68 [poisoned by a water moccasin]
  8565 | D:7      | HP: 24/68 [poisoned by a water moccasin]
  8572 | D:7      | HP: 22/68 [poisoned by a water moccasin]
  8579 | D:7      | HP: 22/68 [poisoned by a water moccasin]
  8587 | D:6      | HP: 20/68 [poisoned by a water moccasin]
  9018 | D:7      | Reached XP level 9. HP: 57/74 MP: 10/14
  9552 | D:8      | Noticed Psyche
  9555 | D:8      | Noticed Prince Ribbit
  9573 | D:7      | HP: 29/73 [something (18)]
  9577 | D:7      | HP: 14/75 [something/puff of frost (11)]
  9582 | D:7      | HP: 32/75 [poisoned by Psyche]
  9587 | D:7      | HP: 22/75 [poisoned by Psyche]
  9591 | D:7      | Killed Psyche
  9591 | D:7      | Reached skill level 9 in Maces & Flails
  9593 | D:7      | HP: 17/75 [poisoned by Psyche]
  9600 | D:7      | HP: 16/75 [poisoned by Psyche]
  9605 | D:7      | HP: 10/75 [poisoned by Psyche]
  9611 | D:7      | HP: 10/75 [poisoned by Psyche]
  9617 | D:7      | HP: 11/75 [poisoned by Psyche]
  9624 | D:7      | HP: 16/75 [poisoned by Psyche]
  9629 | D:7      | HP: 13/75 [sky beast (2)]
  9648 | D:7      | HP: 12/75 [something (2)]
  9676 | D:7      | HP: 13/75 [something (1)]
  9687 | D:7      | HP: 18/75 [something (3)]
  9688 | D:7      | HP: 6/75 [something (5)]
  9722 | D:7      | HP: 20/75 [sky beast (1)]
  9998 | D:7      | Found a hide-covered altar of Uskayaw.
 10194 | D:7      | Noticed Harold
 10625 | D:7      | Found a staircase to the Ecumenical Temple.
 10644 | D:7      | HP: 36/75 [orc warrior/hand axe of chopping (6)]
 10660 | D:7      | HP: 21/75 [orc wizard/magic dart (1)]
 10678 | D:6      | HP: 24/75 [orc warrior/hand axe of chopping (4)]
 10693 | D:6      | HP: 26/75 [orc warrior/hand axe of chopping (13)]
 10694 | D:6      | HP: 9/75 [orc warrior/hand axe of chopping (16)]
 11091 | D:5      | HP: 37/75 [orc warrior/hand axe of chopping (4)]
 11097 | D:5      | HP: 34/75 [orc warrior/hand axe of chopping (5)]
 11103 | D:5      | HP: 28/75 [orc warrior/hand axe of chopping (11)]
 11114 | D:5      | HP: 29/75 [orc warrior/hand axe of chopping (1)]
 11625 | D:8      | Noticed a kobold demonologist
 11634 | D:8      | Noticed a rust devil
 11806 | D:8      | HP: 36/75 [big kobold/short sword (2)]
 11807 | D:8      | Noticed a rust devil
 11813 | D:7      | Noticed a rust devil
 12032 | D:7      | Noticed an ice devil
 12039 | D:7      | HP: 25/75 [ice devil[a kobold demonologist] (18)]
 12046 | D:7      | HP: 22/75 [ufetubus[a kobold demonologist] (4)]
 12057 | D:8      | HP: 24/75 [big kobold (1)]
 12076 | D:8      | HP: 23/75 [kobold/uncursed short sword (1)]
 12082 | D:8      | HP: 20/75 [kobold (4)]
 12100 | D:8      | HP: 22/75 [hound zombie (2)]
 12138 | D:8      | HP: 24/75 [orc wizard/magic dart (6)]
 12145 | D:8      | HP: 13/75 [orc wizard/magic dart (7)]
 12166 | D:7      | Noticed a sixfirhy
 12260 | D:8      | HP: 35/75 [ogre/giant club (7)]
 12268 | D:8      | HP: 18/75 [ogre/giant club (17)]
 12789 | D:7      | Killed Prince Ribbit
 13153 | D:8      | Noticed Joseph
 13170 | D:8      | Killed Joseph
 13170 | D:8      | Reached XP level 10. HP: 59/84 MP: 3/15
 13274 | D:9      | Noticed Maurice
 13457 | D:9      | Reached skill level 10 in Maces & Flails
 13728 | D:9      | Noticed a brown ugly thing
 14083 | D:8      | Reached skill level 5 in Dodging
 14093 | D:8      | Noticed a purple ugly thing
 14094 | D:8      | Noticed a two-headed hydra
 14110 | D:9      | Found a staircase to the Orcish Mines.
 14119 | Orc:1    | Entered Level 1 of the Orcish Mines
 14119 | Orc:1    | Noticed Urug
 14449 | D:9      | Killed a cyan ugly thing
 15193 | D:10     | Entered Level 10 of the Dungeon
 15445 | D:10     | HP: 38/86 [orc priest/divine providence (12)]
 15718 | D:9      | Killed Maurice
 16452 | D:11     | Got a pair of crude boots
 16458 | D:11     | Identified the cursed +0 pair of boots "Waidoacha" {rC- rN+
                  | Int+3 Dex+5} (You found it on level 11 of the Dungeon)
 16489 | D:11     | Identified a scroll of acquirement
 16554 | D:11     | HP: 37/86 [something (10)]
 16560 | D:11     | HP: 27/86 [something (6)]
 16762 | D:11     | Noticed a seven-headed hydra
 16762 | D:11     | HP: 43/86 [seven-headed hydra (2)]
 17120 | D:11     | HP: 43/86 [electric eel/bolt of electricity (10)]
 17131 | D:11     | HP: 27/86 [orc priest/divine providence (14)]
 17387 | D:11     | Noticed a two-headed ogre
 17405 | D:10     | HP: 35/86 [two-headed ogre/giant club (17)]
 17407 | D:10     | HP: 11/86 [two-headed ogre/giant club (7)]
 17420 | D:10     | Killed a two-headed ogre
 17926 | D:11     | Killed a seven-headed hydra
 17926 | D:11     | Reached skill level 11 in Maces & Flails
 18553 | D:11     | Reached XP level 11. HP: 76/92 MP: 17/17
 18558 | D:11     | HP: 42/92 [electric eel/bolt of electricity (9)]
 18603 | D:11     | HP: 46/92 [electric eel/bolt of electricity (7)]
 19091 | D:11     | Killed an unseen horror
 19170 | D:11     | Noticed a two-headed ogre
 19192 | D:11     | Killed a two-headed ogre
 19374 | D:11     | Found a staircase to the Lair.
 19380 | Lair:1   | Entered Level 1 of the Lair of Beasts
 19455 | Lair:1   | Noticed a six-headed hydra
 19585 | Lair:3   | HP: 44/94 [yak (6)]
 19591 | Lair:2   | HP: 33/94 [yak (14)]
 19624 | Lair:2   | HP: 23/94 [crocodile (15)]
 20077 | Lair:2   | HP: 47/94 [poisoned by a water moccasin]
 20082 | Lair:2   | HP: 41/94 [poisoned by a water moccasin]
 20087 | Lair:2   | HP: 39/94 [poisoned by a water moccasin]
 20092 | Lair:2   | HP: 36/94 [poisoned by a water moccasin]
 20097 | Lair:2   | HP: 35/94 [poisoned by a water moccasin]
 20103 | Lair:2   | HP: 35/94 [poisoned by a water moccasin]
 20111 | Lair:2   | HP: 35/94 [poisoned by a water moccasin]
 20595 | Lair:4   | Reached skill level 1 in Armour
 20707 | Lair:4   | HP: 47/94 [poisoned by a water moccasin]
 20712 | Lair:4   | HP: 46/94 [poisoned by a water moccasin]
 20719 | Lair:4   | HP: 46/94 [poisoned by a water moccasin]
 20727 | Lair:4   | HP: 46/94 [poisoned by a water moccasin]
 20821 | Lair:3   | Reached skill level 5 in Evocations
 21021 | Lair:4   | Found a staircase to the Snake Pit.
 21037 | Lair:3   | HP: 40/95 [merfolk/trident (14)]
 21039 | Lair:3   | Reached skill level 12 in Maces & Flails
 21279 | Lair:4   | HP: 42/95 [spiny frog (10)]
 21766 | Lair:5   | Noticed a death yak
 21766 | Lair:5   | Noticed a death yak
 21769 | Lair:5   | Noticed a death yak
 21771 | Lair:5   | Noticed a death yak
 21790 | Lair:4   | HP: 46/95 [death yak (5)]
 21791 | Lair:4   | Killed a death yak
 21872 | Lair:4   | HP: 34/95 [merfolk siren/trident (10)]
 22092 | Lair:4   | Learned a level 2 spell: Blink
 22100 | Lair:4   | Found a staircase to the Shoals.
 22366 | Lair:4   | HP: 45/95 [dream sheep (29)]
 22368 | Lair:4   | Reached XP level 12. HP: 49/103 MP: 13/19
 22373 | Lair:4   | HP: 46/103 [dream sheep (4)]
 23296 | Lair:6   | Entered Level 6 of the Lair of Beasts
 23330 | Lair:4   | HP: 47/103 [elephant (9)]
 23605 | Lair:2   | HP: 51/103 [blink frog (15)]
 24183 | Lair:1   | Reached skill level 1 in Translocations
 24207 | Lair:1   | HP: 52/104 [yak (11)]
 24427 | Lair:1   | Noticed a six-headed hydra
 24443 | Lair:1   | Killed a six-headed hydra
 24614 | Lair:1   | Noticed a six-headed hydra
 24628 | Lair:1   | Killed a six-headed hydra
 24628 | Lair:1   | Reached skill level 13 in Maces & Flails
 24761 | Lair:1   | Killed a six-headed hydra
 24762 | Lair:1   | HP: 47/104 [rime drake/flash freeze (19)]
 25140 | Lair:1   | HP: 36/104 [komodo dragon (21)]
 28484 | Lair:5   | Noticed a four-headed hydra
 28493 | Lair:5   | Killed a four-headed hydra
 28493 | Lair:5   | Reached XP level 13. HP: 103/111 MP: 18/21
 28536 | Lair:5   | Found an opulent altar of Gozag.
 28659 | Lair:5   | Reached skill level 5 in Armour
 29286 | Lair:6   | Noticed a dire elephant
 29293 | Lair:5   | HP: 53/112 [spiny frog (13)]
 29298 | Lair:5   | HP: 46/112 [poisoned by a spiny frog]
 29303 | Lair:5   | HP: 40/112 [poisoned by a spiny frog]
 29309 | Lair:5   | HP: 37/112 [poisoned by a spiny frog]
 29315 | Lair:5   | HP: 35/112 [poisoned by a spiny frog]
 29320 | Lair:5   | HP: 34/112 [poisoned by a spiny frog]
 29327 | Lair:5   | HP: 34/112 [poisoned by a spiny frog]
 29335 | Lair:5   | HP: 34/112 [poisoned by a spiny frog]
 30289 | Lair:6   | Reached skill level 10 in Fighting
 30615 | Lair:5   | Learned a level 2 spell: Song of Slaying
 30956 | Lair:6   | HP: 37/113 [dire elephant (24)]
 31482 | D:9      | HP: 50/113 [Urug/wand of acid (4) (15)]
 31484 | D:9      | HP: 19/113 [Urug/wand of acid (3) (15)]
 31484 | D:9      | HP: 6/113 [acid (13)]
 31486 | D:9      | Killed from afar by Urug

Skill      XL: |  1  2  3  4  5  6  7  8  9 10 11 12 13 |
---------------+----------------------------------------+-----
Maces & Flails | 2 3 4 5 6 7 8 9 11 12 13 | 13.9
Fighting       | 2 3 4 5 6 7 8 9 10 | 10.0
Charms         | 3 4 5 6 |  6.4
Dodging        | 3 4 6 7 8 9 |  9.0
Evocations     | 3 5 6 |  6.0
Armour         | 2 4 5 |  5.8
Spellcasting   | 2 3 |  3.0
Translocations | 3 4 |  4.2

Action                   |  1- 3 |  4- 6 |  7- 9 | 10-12 | 13-15 || total
-------------------------+-------+-------+-------+-------+-------++-------
Melee: Mace              |   114 |   158 |       |       |       ||   272
       Flail             |       |    31 |   605 |   114 |       ||   750
       Dire flail        |       |       |       |   872 |   192 ||  1064
 Cast: Infusion          |    15 |    16 |    22 |     8 |       ||    61
       Shroud of Golubri |     1 |    15 |    44 |    29 |    10 ||    99
       Spectral Weapon   |       |     3 |    30 |    42 |    16 ||    91
       Regeneration      |       |       |    12 |    12 |     4 ||    28
       Blink             |       |       |       |     1 |     2 ||     3
       Song of Slaying   |       |       |       |       |     1 ||     1
Evoke: Wand              |       |       |    10 |    12 |     2 ||    24
       Lamp of fire      |       |       |       |     1 |       ||     1
       Phial of floods   |       |       |       |     1 |       ||     1
  Use: Scroll            |     5 |     9 |     6 |    10 |     2 ||    32
       Potion            |       |     3 |     9 |     1 |       ||    13
 Stab: Sleeping          |     1 |       |       |       |       ||     1
       Distracted        |       |       |     3 |       |     3 ||     6
       Invisible         |       |       |     1 |       |       ||     1
       Paralysed         |       |       |       |     6 |       ||     6
  Eat: Chunk             |     5 |    10 |    15 |    32 |     8 ||    70
       Ration            |       |       |     6 |     8 |     1 ||    15
Armor: Leather armour    |    36 |       |       |       |       ||    36
       Ring mail         |     8 |    97 |   211 |   290 |    57 ||   663
Dodge: Dodged            |    72 |   148 |   370 |   663 |   166 ||  1419

Vault maps used:
D:1:      dpeg_arrival_orchard
D:3:      uniq_natasha
D:4:      grunt_temple_overflow_open
D:5:      lemuel_upstairs_altar, nicolae_ossuary_entry_plus, first_ration
D:6:      cheibrodos_ashenzari_chains
D:7:      old_standard_altar, minmay_temple_entry_glassed_door,
          dk_rats_in_the_wall, uniq_harold
D:8:      hangedman_ranch, uniq_psyche, uniq_joseph, uniq_prince_ribbit1
D:9:      lemuel_coloured_pillars_altar, orc_0_dummy, kennysheep_generic_room_4,
          uniq_maurice
D:11:     lair_entry_dummy
Lair:1:   portal_ice_cave_rime, grunt_megastairs_3, infiniplex_staircase_pool
Lair:2:   lab_entry_generic, infiniplex_staircase_pool_2, grunt_megastairs_4,
          serial_bayou_shore_a
Lair:3:   small_statue_intersection
Lair:4:   elwin_shoals_entry_stream, dummy_snake_entry, st_stairs_4,
          kilobyte_rumbling_trees
Lair:5:   lemuel_altar_in_water2
Lair:6:   evil_forest, slime_dummy, lemuel_fruit_fields, serial_bayou_shore_b,
          grunt_megastairs_5
Orc:1:    serial_shops, shop_fountains, nicolae_shop_overgrown_old_shop,
          shop_coins, nicolae_shop_trees, uniq_urug, uniq_snorg, uniq_josephine
